 Dungeon Crawl Stone Soup version 0.31-a0-799-g6bc09d010c (webtiles) character file.

Game seed: 12144483919388646516

48 Maratek the Shield-Bearer (level 3, -1/26 HPs)
             Began as an Octopode Fighter on Sept 19, 2023.
             Was a Follower of Nemelex Xobeh.
             Slain by a goblin
             ... wielding a +0 club
             ... led by Robin
              (4 damage)
             ... on level 2 of the Dungeon.
             The game lasted 00:01:41 (986 turns).

Maratek the Shield-Bearer (Octopode Fighter)         Turns: 986, Time: 00:01:42

Health: -1/26      AC:  1    Str: 17    XL:     3   Next: 72%
Magic:  3/3        EV: 13    Int: 10    God:    Nemelex Xobeh [*.....]
Gold:   108        SH:  4    Dex: 11    Spells: 2/2 levels left

rFire   . . .        a - +0 long sword
rCold   . . .        b - +0 buckler
rNeg    . . .        (helmet restricted)
rPois   .            (no amulet)
rElec   .            (no ring)
rCorr   .            (no ring)
SInv    .            (no ring)
Will    .....        (no ring)
Stlth   +++          (no ring)
HPRegen 0.24/turn    (no ring)
MPRegen 0.08/turn    (no ring)
                     (no ring)

%: no passive effects
@: no status effects
A: almost no armour, amphibious, 8 rings, camouflage 1, gelatinous body 1,
(nimble swimmer 1), tentacles
a: Renounce Religion, Draw Escape, Draw Destruction, Draw Summoning


You were on level 2 of the Dungeon.
You worshipped Nemelex Xobeh.
Nemelex Xobeh was aware of your devotion.
You visited 1 branch of the dungeon, and saw 2 of its levels.

You collected 108 gold pieces.

Inventory:

Hand Weapons
 a - a +0 long sword (weapon)
Armour
 b - a +0 buckler (worn)
Scrolls
 d - a scroll of teleportation {unknown}
 g - a scroll of revelation {unknown}
 i - a scroll of fog {unknown}
 j - a scroll of fear {unknown}
 k - a scroll of brand weapon {unknown}
Potions
 c - a potion of might
 e - 2 potions of degeneration {unknown}
 f - a potion of lignification {unknown}
 h - a potion of heal wounds {unknown}


   Skills:
 + Level 3.3 Fighting
 + Level 2.5 Long Blades
 + Level 3.3 Dodging
 + Level 1.5 Stealth
 + Level 3.4 Shields


You had 2 spell levels left.
You didn't know any spells.
Your spell library contained the following spells:

 Spells                   Type           Power      Damage    Failure   Level
 Cigotuvi's Dreadful Rot  Necr/Pois/Air  0%         N/A       58%         2
 Dispel Undead            Necr           0%         3d6       99%         4
 Death Channel            Necr           0%         N/A       100%        6


Dungeon Overview and Level Annotations

Branches:
Dungeon (2/15)

Altars:
Nemelex Xobeh

Annotations:
D:2 Robin


Innate Abilities, Weirdness & Mutations

You cannot wear most types of armour.
You are amphibious.
You can wear up to eight rings at the same time.
Your skin changes colour to match your surroundings (Stealth+).
Your rubbery body absorbs attacks. (AC +1, EV +1)
((You are camouflaged when in or above water. (Stealth+)))
You have tentacles for arms and can constrict up to eight enemies at once.


Message History

The hobgoblin shouts!
The goblin shouts!
You hear a shout!
A goblin comes into view. It is wielding a +0 club.
A goblin comes into view. It is wielding a +0 dagger.
The goblin moves out of view.
The hobgoblin moves out of view.
The goblin shouts! x2; You hear a shout!
Robin and 3 goblins come into view.
The goblin shouts! x2
An endoplasm comes into view.
A goblin comes into view. It is wielding a +0 club.
Robin throws the goblin at you!
You hit the goblin.
You kill the goblin!
A goblin comes into view. It is wielding a +0 club.
Robin roars a battlecry!
The goblins go into a battle-frenzy!
A hobgoblin comes into view.
You hit the goblin. You grab the goblin.
The goblin is severely wounded.
You constrict the goblin.
You kill the goblin!
You closely miss the goblin. Your grab misses the goblin.
A kobold comes into view. It is wielding a +0 whip.
The goblin hits you with a +0 club. The goblin closely misses you.
The goblin misses you. The goblin hits you with a +0 club!
You closely miss the goblin. You grab the goblin. You constrict the goblin.
You kill the goblin!
You hit the goblin. Your grab misses the goblin.
The goblin is moderately wounded.
The goblin hits you with a +0 dagger. The goblin hits you with a +0 club.
* * * LOW HITPOINT WARNING * * *
You are too injured to fight recklessly!
You are too injured to fight recklessly!
You are too injured to fight recklessly!
You draw a card...
You have drawn Pain.
Press: ? - help, Shift-Dir - straight line, f - goblin
Aim: a goblin, wielding a +0 club (moderately wounded, strong)
The goblin hits you with a +0 club.
You die...
Your body glows slightly and disappears.

#.....## .......##
........# .<......#
........# ........#
........###
..........#########
........#.†.....@g#
........#########g#
...[....#


ggg ........# #ggK. ........# g.J.# ..†....## g..## #.....## ..# #.##### #.# #.#
You could see Robin, an endoplasm, a hobgoblin (strong), 7 goblins and a kobold.

Vanquished Creatures
  An adder (D:2)
  2 worms (D:2)
  2 endoplasms
  3 giant cockroaches
  5 goblins
  4 kobolds
  2 quokkas (D:2)
  6 ball pythons
  2 frilled lizards
  5 rats
32 creatures vanquished.

Notes
Turn   | Place    | Note
-------+----------+-------------------------------------------
     0 | D:1      | Maratek the Octopode Fighter began the quest for the Orb.
     0 | D:1      | Reached XP level 1. HP: 16/16 MP: 1/1
   214 | D:1      | Reached XP level 2. HP: 17/21 MP: 2/2
   612 | D:1      | Reached skill level 1 in Stealth
   679 | D:2      | Reached XP level 3. HP: 22/26 MP: 3/3
   718 | D:2      | Found a faded altar of an unknown god.
   742 | D:2      | Prayed at the altar of an unknown god.
   742 | D:2      | Became a worshipper of Nemelex Xobeh the Trickster
   742 | D:2      | Reached * piety under Nemelex Xobeh
   830 | D:2      | Received a gift from Nemelex Xobeh
   980 | D:2      | Noticed Robin
   986 | D:2      | Slain by a goblin

Illustrated notes

Levels and vault maps discovered:
D:1:      onia_arrival_handbag, layout_basic, chequers_serial_rivers_room_b,
          minmay_misc_feat_hallway
D:2:      layout_rooms, ebering_ecumenical_altar_rust, uniq_robin

Skill      XL: |  1  2 |
---------------+-------+-----
Stealth        | 1 |  1.5
Fighting       | |  3.3
Long Blades    | |  2.5
Dodging        | |  3.3
Shields        | |  3.4

Action                     || total
---------------------------++-------
  Melee: Long sword        ||    61
         Constrict         ||    13
         Tentacles         ||     7
 Invoke: Draw Destruction  ||     2
   Stab: Sleeping          ||     7
 Armour: Skin              ||    24
  Dodge: Dodged            ||    34
  Block: Buckler           ||     7

Table legend: (Time is in decaauts)
 A = Elapsed time spent in this place.
 B = Non-inter-level travel time spent in this place.
 C = Inter-level travel time spent in this place.
 D = Time resting spent in this place.
 E = Time spent auto-exploring this place.
 F = Levels seen in this place.
 G = Mean time per level.
                   A        B        C        D        E       F      G
               +--------+--------+--------+--------+--------+-----+--------+
         Total |   1005 |   1005 |      0 |      0 |    773 |   2 |  502.5 |
       Dungeon |   1005 |   1005 |      0 |      0 |    773 |   2 |  502.5 |
               +--------+--------+--------+--------+--------+-----+--------+

Top non-repeatable levels by time:
     D:1: 651 daAuts
     D:2: 354 daAuts
